 Dungeon Crawl Stone Soup version 0.26-a0-639-g72c4674329 (webtiles) character file.

Game seed: 2536223181641742003

0 PentaManta the Skirmisher (level 1, -16/18 HPs)
             Began as a Formicid Abyssal Knight on Sept 19, 2020.
             Was a Follower of Lugonu.
             Demolished by a white very ugly thing (27 damage)
             ... on level 5 of the Abyss.
             The game lasted 00:02:01 (144 turns).

PentaManta the Skirmisher (Formicid Abyssal Knight)  Turns: 144, Time: 00:02:01

Health: -16/18     AC:  3    Str: 16    XL:     1   Next: 0%
Magic:  2/2        EV: 11    Int: 11    God:    Lugonu [*.....]
Gold:   64         SH:  0    Dex: 10    Spells: 0/0 levels left

rFire    . . .     SeeInvis +   a - +1 hand axe
rCold    . . .     Faith    .   (no shield)
rNeg     . . .     Spirit   .   b - +0 leather armour
rPois    .         Reflect  .   (helmet unavailable)
rElec    .         Harm     .   (no cloak)
rCorr    .         Rampage  .   (no gloves)
MR       .....                  (no boots)
Stlth    +.........             c - amulet of regeneration
HPRegen  0.46/turn              (no ring)
MPRegen  0.08/turn              (no ring)

@: no status effects
A: permanent stasis, dig shafts and tunnels, four strong arms, antennae 3
a: Dig, Shaft Self, Depart the Abyss, Renounce Religion


You were on level 5 of the Abyss.
You worshipped Lugonu.
Lugonu was aware of your devotion.
You visited 0 branches of the dungeon, and saw 0 of its levels.
You visited the Abyss 1 time.

You collected 64 gold pieces.

Inventory:

Hand Weapons
 a - a +1 hand axe (weapon)
Armour
 b - a +0 leather armour (worn)
Jewellery
 c - an amulet of regeneration (around neck)
Wands
 g - a wand of random effects (13)
 h - a wand of acid (7)
Scrolls
 i - a scroll of identify {unknown}
 j - a scroll of teleportation {unknown}
Potions
 e - a potion of resistance {unknown}
 f - a potion of magic {unknown}
Miscellaneous
 d - a tin of tremorstones (3/3)


   Skills:
 - Level 3.2 Fighting
 + Level 2.0 Axes
 - Level 2.1 Armour
 - Level 0.8 Dodging
 - Level 2.1 Invocations


You couldn't memorise any spells.
You didn't know any spells.
Your spell library was empty.

Dungeon Overview and Level Annotations

Branches:
Dungeon (0/15)

Altars:


Innate Abilities, Weirdness & Mutations

You cannot be hasted, slowed, berserked, paralysed or teleported.
You can dig through walls and to a lower floor.
Your four strong arms can wield two-handed weapons with a shield.
You have a pair of large antennae on your head. (SInv)


Message History

Found a long ivory wand.
h - a wand of acid (7)
Found a scroll labeled LUCIG ONIHOTHRUTT.
Found a tin of tremorstones (3/3).
i - a scroll labeled LUCIG ONIHOTHRUTT An ugly thing and 2 very ugly things come into view.
The white very ugly thing gurgles horribly! x3
The white ugly thing gurgles horribly!
The white ugly thing basks in the mutagenic energy from its kin and changes!
The white very ugly thing basks in the mutagenic energy from its kin and changes!
Okay, then.
Okay, then.
Found a scroll labeled LEYROM RIRGH.
You feel yourself growing ill in the presence of the ancient zyme.
Found a gateway leading out of the Abyss.
You see here a scroll labeled LEYROM RIRGH.
j - a scroll labeled LEYROM RIRGH The white very ugly thing engulfs you!
The white very ugly thing freezes you!!
Ouch! That really hurt!
You die...

#. ...# . # . ##... .. #
.#. ###...# ....#. ...
#.##..## ##...##.
##.##..##..###..#...
#.......#...........#
#......#x.#........#.
##.#.###u.u.u...#.....#.
.......@#.#.#...... .. #
.#..#.##.#.###.##.....##
# ...#.#..# #..#.##
##..##..# ##..u.# .
..∩...# #...#.##.
..#.#..# #....#{ u
##.##. . #. .... . .#
....## . . ... . #...


You could see 3 very ugly things and an ancient zyme.

Vanquished Creatures (others)
  2 chaos spawn (Abyss:4)
2 creatures vanquished.

Notes
Turn   | Place    | Note
-------+----------+-------------------------------------------
     0 | Abyss:1  | PentaManta the Formicid Abyssal Knight began the quest for
                  | the Orb.
     0 | Abyss:1  | Reached XP level 1. HP: 18/18 MP: 2/2
    96 | Abyss:4  | Killed a chaos spawn
   100 | Abyss:4  | Killed a chaos spawn
   113 | Abyss:5  | Entered Level 5 of the Abyss
   126 | Abyss:5  | Noticed a white very ugly thing
   126 | Abyss:5  | Noticed a white very ugly thing
   126 | Abyss:5  | Noticed a white very ugly thing
   126 | Abyss:5  | Noticed a white ugly thing
   136 | Abyss:5  | Noticed an ancient zyme
   144 | Abyss:5  | Demolished by a white very ugly thing

Illustrated notes

Levels and vault maps discovered:
Abyss:5:  evilmike_abyss_exit_mutagenic, hangedman_shadowy_showcase,
          grunt_abyss_rune_forest_and_sorcery, abyss_furniture_001,
          minivault_25_ag

Table legend: (Time is in decaauts)
 A = Elapsed time spent in this place.
 B = Non-inter-level travel time spent in this place.
 C = Inter-level travel time spent in this place.
 D = Time resting spent in this place.
 E = Time spent auto-exploring this place.
 F = Levels seen in this place.
 G = Mean time per level.
                   A        B        C        D        E       F      G
               +--------+--------+--------+--------+--------+-----+--------+
         Total |    143 |    143 |      0 |      0 |      0 |   5 |   28.6 |
         Abyss |    143 |    143 |      0 |      0 |      0 |   5 |   28.6 |
               +--------+--------+--------+--------+--------+-----+--------+

Top non-repeatable levels by time:
 Abyss:4: 36 daAuts
 Abyss:3: 33 daAuts
 Abyss:1: 32 daAuts
 Abyss:5: 30 daAuts
 Abyss:2: 9 daAuts
